 Dungeon Crawl Stone Soup version 0.17.1-1-g73c8601 (webtiles) character file.

61 ImaNewbie the Vexing (level 4, -1/30 HPs)
             Began as a Formicid Enchanter on Jan 5, 2016.
             Slain by a worm (10 damage)
             ... on level 2 of the Dungeon.
             The game lasted 00:05:50 (1859 turns).

ImaNewbie the Vexing (Formicid Enchanter)           Turns: 1859, Time: 00:05:50

Health: -1/30      AC:  6    Str: 14    XL:     4   Next: 27%
Magic:  6/7        EV: 12    Int: 14    God:
Gold:   70         SH:  0    Dex: 11    Spells: 3 memorised, 1 level left

rFire  . . .     SeeInvis +     a - +1 dagger
rCold  . . .     Clarity  .     b - +1 robe
rNeg   . . .     SustAt   .     (no shield)
rPois  .         Gourm    .     (helmet unavailable)
rElec  .         Spirit   .     l - +2 cloak {+Inv}
rCorr  .         Warding  .     (no gloves)
rMut   .         Stasis   +     (no boots)
MR     .....                    (no amulet)
Stlth  ++........               o - ring of wizardry
                                e - ring of flight

@: not resistant to hostile enchantments, unstealthy
A: permanent stasis, dig shafts and tunnels, four strong arms, antennae 3
a: Dig, Shaft Self, Evoke Invisibility, Evoke Flight


You were on level 2 of the Dungeon.
You were not hungry.

You visited 1 branch of the dungeon, and saw 2 of its levels.

You collected 70 gold pieces.

Inventory:

Hand Weapons
 a - a +1 dagger (weapon)
 q - a +0 club
Missiles
 p - 26 poisoned needles
Armour
 b - a +1 robe (worn)
 l - a +2 cloak of invisibility (worn)
Jewellery
 e - a ring of flight (left hand)
 o - a ring of wizardry (right hand)
Scrolls
 g - a scroll of remove curse {unknown}
 h - a scroll of blinking {unknown}
 i - 2 scrolls of teleportation {unknown}
 j - a scroll of identify {unknown}
 m - a scroll of enchant armour {unknown}
Potions
 f - a potion of mutation {unknown}
 k - a potion of resistance {unknown}
 n - a potion of lignification {unknown}
Books
 c - a book of Maledictions

   Spells                             Type                      Level
   a - Corona                         Hexes                        1
   b - Ensorcelled Hibernation        Hexes/Ice                    2
   c - Confuse                        Hexes                        3
   d - Tukima's Dance                 Hexes                        3
   e - Dazzling Spray                 Conjuration/Hexes            3
Comestibles
 d - a bread ration
 r - a chunk of flesh


   Skills:
 - Level 1.0 Short Blades
 * Level 1.9 Maces & Flails
 - Level 1.7 Dodging
 - Level 3.6 Stealth
 - Level 2.1 Spellcasting
 + Level 5.1 Hexes


You had one spell level left.
You knew the following spells:

 Your Spells              Type           Power        Failure   Level  Hunger
a - Corona                Hex            ###....      1%          1    #......
b - Tukima's Dance        Hex            ###.....     4%          3    ###....
c - Ensorcelled Hibernat  Hex/Ice        #.....       6%          2    ###....


Dungeon Overview and Level Annotations

Branches:
Dungeon (2/15)

Altars:
Kikubaaqudgha

Annotations:
D:1 exclusion: downstairs


Innate Abilities, Weirdness & Mutations

You are under a permanent stasis effect.
You can dig through walls and to a lower floor.
Your four strong arms can wield two-handed weapons with a shield.
You have a pair of large antennae on your head (SInv).


Message History

The worm is heavily wounded.
A jackal comes into view.
You hit the worm but do no damage.
The worm is heavily wounded.
The worm bites you.
A jackal comes into view.
The jackal barks!
You hit the worm.
The worm is heavily wounded.
The jackal moves out of view.
A jackal comes into view.
The jackal barks!
You hit the worm.
The worm is heavily wounded.
The worm bites you!
* * * LOW HITPOINT WARNING * * *
You hit the worm.
The worm is severely wounded.
The worm bites you!
You die...

##+# ##...##
##.....##
##.......## ##..
#.........##.....
+.........wh.hh.h
#........@#
#.......## {
##.....##
###...## ##.##'##
##.#.#.#
#.####.###..#
#.....## ##.##
######.###...##


You could see a worm and 4 jackals.

Vanquished Creatures
  Terence (D:2)
  An adder (D:2)
  An ooze (D:1)
  2 giant geckos
  5 bats (D:1)
  A bat zombie (D:2)
  2 giant cockroaches
  7 goblins
  3 hobgoblins
  A kobold (D:1)
  2 giant newts (D:1)
  2 rats (D:1)
  2 rat zombies (D:2)
30 creatures vanquished.

Notes
Turn   | Place    | Note
--------------------------------------------------------------
     0 | D:1      | ImaNewbie the Formicid Enchanter began the quest for the Orb.
     0 | D:1      | Reached XP level 1. HP: 13/13 MP: 3/3
   192 | D:1      | Reached skill level 4 in Hexes
   483 | D:1      | Reached XP level 2. HP: 19/19 MP: 5/5
   827 | D:1      | Reached XP level 3. HP: 21/24 MP: 6/6
  1054 | D:2      | Noticed Terence
  1289 | D:2      | Reached skill level 1 in Maces & Flails
  1307 | D:2      | Learned a level 3 spell: Tukima's Dance
  1310 | D:2      | Learned a level 2 spell: Ensorcelled Hibernation
  1655 | D:2      | Killed Terence
  1655 | D:2      | Reached skill level 5 in Hexes
  1655 | D:2      | Reached XP level 4. HP: 20/30 MP: 2/7
  1757 | D:2      | Found an ancient bone altar of Kikubaaqudgha.
  1859 | D:2      | Slain by a worm

Action                   |  1- 3 |  4- 6 || total
-------------------------+-------+-------++-------
Melee: Dagger            |    94 |    23 ||   117
 Cast: Tukima's Dance    |     4 |       ||     4
       Corona            |     3 |     1 ||     4
       Ensorcelled Hiber |     2 |       ||     2
 Stab: Sleeping          |     8 |     1 ||     9
  Eat: Chunk             |     2 |     2 ||     4
